General information
- name: BNet
- type: Ladder team game (AT/RT)
- host: Battle.net
- saver: TOWERS
map: MarketSquare
- players: 8
- length: 66:13
- speed: Fast
- version: 1.26 W3XP
- replay type: Public
» download(401 KB)
Players
team 1 (winner)

»
SiLeNt_AsSaSin (
blue | 80 APM | 1690 actions | 21:07)
5 Archmage
3 Summon Water Elemental
2 Brilliance Aura
3 Mountain King
2 Storm Bolt
1 Bash
» actions
| Assign group hotkey | 1 | |
| Basic commands | 35 | |
| Build / train | 92 | |
| Enter build submenu | 37 | |
| Enter hero's abilities submenu | 8 | |
| Give item / drop item | 1 | |
| Remove unit from queue | 1 | |
| Right click | 888 | |
| Select / deselect | 532 | |
| Use ability | 94 | |
1690 total
» units
| Peasant | 25 | |
| Footman | 12 | |
| Dragonhawk Rider | 9 | |
| Gryphon Rider | 5 | |
| Wind Rider | 2 | |
53 total
» upgrades
| Defend | 1 | |
| Lumber Harvesting | 1 | |
| Swords | 3 | |
| Armor | 2 | |
| Storm Hammers | 1 | |
| Cloud | 1 | |
9 total
» buildings
| Farm | 14 | |
| Altar of Kings | 2 | |
| Barracks | 1 | |
| Lumber Mill | 4 | |
| Scout Tower | 8 | |
| Arcane Tower | 3 | |
| Town Hall | 1 | |
| Arcane Vault | 1 | |
| Guard Tower | 6 | |
| Keep | 1 | |
| Castle | 1 | |
| Blacksmith | 1 | |
| Gryphon Aviary | 4 | |
47 total
» build order
00:08 Farm
00:10 Altar of Kings
00:16 Altar of Kings
00:37 Barracks
00:51 Farm
01:22 Lumber Mill
01:50 Scout Tower
02:08 Farm
02:12 Farm
02:18 Arcane Tower
03:32 Scout Tower
03:47 Town Hall
03:59 Arcane Vault
05:01 Farm
05:20 Arcane Tower
05:21 Arcane Tower
05:25 Scout Tower
05:55 Guard Tower
06:30 Farm
07:01 Keep
07:06 Farm
07:11 Lumber Mill
07:15 Scout Tower
08:04 Guard Tower
08:07 Lumber Mill
08:09 Lumber Mill
08:12 Scout Tower
09:12 Guard Tower
09:14 Scout Tower
09:23 Castle
09:27 Blacksmith
09:32 Gryphon Aviary
09:34 Gryphon Aviary
10:17 Guard Tower
10:19 Scout Tower
10:22 Farm
10:41 Gryphon Aviary
10:45 Farm
10:51 Guard Tower
11:35 Gryphon Aviary
13:40 Farm
13:45 Farm
15:09 Farm
15:35 Farm
17:05 Scout Tower
19:20 Farm
19:43 Guard Tower
» items
| Scroll of Regeneration | 1 | |
| Lesser Clarity Potion | 1 | |
| Potion of Lesser Invulnerability | 1 | |
| Scroll of Healing | 1 | |
| Scroll of Town Portal | 3 | |
7 total
TOWERS (
purple | 81 APM | 5368 actions | 66:13)
9 Paladin
3 Holy Light
3 Divine Shield
3 Devotion Aura
3 Blademaster
1 Wind Walk
1 Critical Strike
1 Bladestorm
3 Mountain King
1 Bash
2 Thunder Clap
1 Shadow Hunter
1 Healing Wave
» actions
| Assign group hotkey | 165 | |
| Basic commands | 117 | |
| Build / train | 248 | |
| ESC pressed | 12 | |
| Enter build submenu | 75 | |
| Enter hero's abilities submenu | 16 | |
| Give item / drop item | 10 | |
| Remove unit from queue | 2 | |
| Right click | 2404 | |
| Select / deselect | 858 | |
| Select group hotkey | 1016 | |
| Use ability | 442 | |
5368 total
» units
| Peasant | 27 | |
| Footman | 12 | |
| Mortar Team | 12 | |
| Sorceress | 4 | |
| Siege Engine | 10 | |
| Troll Batrider | 19 | |
| Wind Rider | 6 | |
90 total
» upgrades
| Masonry | 4 | |
| Gunpowder | 3 | |
| Sorceress Training | 2 | |
| Lumber Harvesting | 2 | |
| Armor | 4 | |
| Barrage | 1 | |
| Plating | 3 | |
| Spiked Barricades | 1 | |
| Ranged Weapons | 2 | |
| Defend | 1 | |
23 total
» buildings
| Barracks | 1 | |
| Altar of Kings | 3 | |
| Farm | 8 | |
| Arcane Vault | 1 | |
| Lumber Mill | 1 | |
| Town Hall | 1 | |
| Scout Tower | 34 | |
| Keep | 3 | |
| Blacksmith | 1 | |
| Guard Tower | 59 | |
| Castle | 3 | |
| Workshop | 3 | |
| Arcane Sanctum | 1 | |
| Arcane Tower | 4 | |
| Watch Tower | 17 | |
140 total
» build order
00:55 Barracks
00:57 Altar of Kings
00:59 Farm
01:07 Farm
01:34 Farm
02:09 Farm
02:14 Farm
02:23 Arcane Vault
02:57 Farm
03:22 Lumber Mill
04:44 Town Hall
05:52 Scout Tower
05:53 Scout Tower
05:54 Scout Tower
05:56 Scout Tower
05:56 Scout Tower
06:46 Keep
06:46 Keep
06:46 Keep
06:55 Blacksmith
07:51 Guard Tower
07:51 Guard Tower
07:51 Guard Tower
08:50 Scout Tower
08:52 Scout Tower
09:11 Castle
09:11 Castle
09:17 Guard Tower
09:18 Guard Tower
09:18 Guard Tower
09:20 Guard Tower
09:23 Scout Tower
09:48 Workshop
09:50 Arcane Sanctum
10:38 Arcane Tower
10:39 Arcane Tower
14:06 Scout Tower
14:07 Scout Tower
14:08 Scout Tower
14:08 Scout Tower
15:01 Guard Tower
15:01 Guard Tower
15:58 Workshop
16:02 Workshop
16:21 Scout Tower
16:22 Scout Tower
16:24 Scout Tower
16:25 Scout Tower
16:26 Scout Tower
16:56 Guard Tower
16:56 Guard Tower
16:57 Guard Tower
17:00 Guard Tower
17:00 Guard Tower
18:15 Scout Tower
18:17 Scout Tower
18:21 Scout Tower
18:22 Scout Tower
18:24 Scout Tower
18:26 Scout Tower
18:41 Guard Tower
18:41 Guard Tower
19:00 Guard Tower
19:00 Guard Tower
19:02 Scout Tower
19:02 Guard Tower
19:03 Guard Tower
19:03 Scout Tower
19:04 Guard Tower
19:04 Guard Tower
19:04 Guard Tower
19:29 Guard Tower
19:30 Guard Tower
19:30 Guard Tower
20:51 Guard Tower
20:51 Guard Tower
20:55 Altar of Kings
21:46 Watch Tower
21:46 Watch Tower
21:47 Watch Tower
21:47 Watch Tower
21:48 Watch Tower
21:48 Watch Tower
21:49 Watch Tower
21:52 Watch Tower
23:03 Scout Tower
23:04 Scout Tower
23:05 Scout Tower
23:06 Scout Tower
23:07 Altar of Kings
23:10 Scout Tower
23:36 Guard Tower
23:37 Guard Tower
23:37 Guard Tower
23:37 Guard Tower
23:37 Guard Tower
23:38 Guard Tower
23:38 Guard Tower
23:43 Guard Tower
23:43 Guard Tower
23:43 Guard Tower
23:44 Guard Tower
23:44 Guard Tower
23:45 Guard Tower
24:24 Scout Tower
24:25 Scout Tower
24:26 Scout Tower
24:29 Scout Tower
24:56 Guard Tower
24:56 Guard Tower
24:56 Guard Tower
24:58 Guard Tower
24:59 Guard Tower
25:31 Guard Tower
25:31 Guard Tower
26:15 Farm
26:16 Farm
27:17 Watch Tower
27:18 Watch Tower
27:21 Watch Tower
27:22 Watch Tower
27:27 Watch Tower
27:29 Watch Tower
28:14 Watch Tower
28:17 Watch Tower
28:24 Watch Tower
» items
| Scroll of Regeneration | 11 | |
| Boots of Speed | 1 | |
| Scroll of Healing | 2 | |
| Periapt of Vitality | 1 | |
| Scroll of Town Portal | 6 | |
| Orb of Lightning | 1 | |
| Tiny Great Hall | 1 | |
| Potion of Healing | 2 | |
| Lesser Clarity Potion | 2 | |
| Healing Salve | 1 | |
28 total
ELLEN-DYKE-NAME (
pink | 69 APM | 1115 actions | 16:10)
4 Blademaster
2 Wind Walk
2 Critical Strike
2 Shadow Hunter
1 Hex
1 Healing Wave
» actions
| Assign group hotkey | 40 | |
| Basic commands | 2 | |
| Build / train | 44 | |
| Enter build submenu | 19 | |
| Enter hero's abilities submenu | 6 | |
| Right click | 499 | |
| Select / deselect | 130 | |
| Select group hotkey | 323 | |
| Use ability | 52 | |
1115 total
» units
» upgrades
| Reinforced Defenses | 1 | |
| Envenomed Spears | 1 | |
| Ranged Weapons | 1 | |
3 total
» buildings
| Altar of Storms | 1 | |
| Orc Burrow | 7 | |
| Barracks | 1 | |
| Stronghold | 2 | |
| Voodoo Lounge | 1 | |
| War Mill | 1 | |
| Great Hall | 1 | |
| Watch Tower | 14 | |
| Fortress | 2 | |
| Beastiary | 4 | |
34 total
» build order
00:21 Altar of Storms
00:24 Orc Burrow
00:43 Barracks
01:28 Orc Burrow
02:41 Stronghold
02:41 Stronghold
03:13 Voodoo Lounge
03:35 War Mill
04:07 Orc Burrow
05:27 Great Hall
05:30 Watch Tower
05:31 Watch Tower
05:31 Watch Tower
05:32 Watch Tower
06:37 Watch Tower
06:42 Fortress
06:43 Fortress
06:46 Watch Tower
07:20 Beastiary
07:20 Beastiary
08:14 Watch Tower
08:14 Watch Tower
09:20 Orc Burrow
09:23 Beastiary
10:55 Orc Burrow
10:56 Orc Burrow
11:55 Orc Burrow
12:22 Watch Tower
12:22 Watch Tower
12:22 Watch Tower
12:24 Watch Tower
12:24 Watch Tower
12:24 Watch Tower
14:31 Beastiary
» items
| Healing Salve | 1 | |
| Potion of Lesser Invulnerability | 1 | |
| Staff of Teleportation | 1 | |
| Boots of Speed | 1 | |
4 total
klNGcRuMM (
orange | 51 APM | 914 actions | 17:53)
6 Mountain King
3 Storm Bolt
2 Bash
1 Avatar
» actions
| Assign group hotkey | 22 | |
| Build / train | 60 | |
| Enter build submenu | 23 | |
| Enter hero's abilities submenu | 6 | |
| Give item / drop item | 2 | |
| Right click | 326 | |
| Select / deselect | 140 | |
| Select group hotkey | 262 | |
| Use ability | 73 | |
914 total
» units
» upgrades
| Armor | 2 | |
| Masonry | 2 | |
| Long Rifles | 1 | |
| Gunpowder | 3 | |
| Lumber Harvesting | 1 | |
9 total
» buildings
| Farm | 9 | |
| Altar of Kings | 1 | |
| Lumber Mill | 1 | |
| Scout Tower | 15 | |
| Blacksmith | 1 | |
| Arcane Tower | 1 | |
| Barracks | 2 | |
| Arcane Vault | 1 | |
| Guard Tower | 5 | |
| Keep | 1 | |
| Castle | 1 | |
38 total
» build order
00:22 Farm
00:36 Altar of Kings
00:50 Lumber Mill
01:03 Farm
01:20 Scout Tower
01:39 Blacksmith
02:04 Arcane Tower
02:22 Barracks
02:35 Barracks
02:53 Arcane Vault
03:03 Farm
03:14 Scout Tower
03:16 Scout Tower
03:17 Scout Tower
03:18 Scout Tower
03:20 Scout Tower
03:22 Scout Tower
03:45 Farm
03:51 Guard Tower
04:18 Guard Tower
05:11 Farm
05:39 Keep
06:21 Farm
06:43 Guard Tower
07:20 Scout Tower
10:40 Castle
10:43 Guard Tower
10:58 Farm
11:00 Farm
11:02 Farm
14:28 Scout Tower
14:29 Scout Tower
14:30 Scout Tower
14:31 Scout Tower
14:33 Scout Tower
14:34 Scout Tower
16:05 Guard Tower
16:09 Scout Tower
» items
| Scroll of Regeneration | 4 | |
| Lesser Clarity Potion | 5 | |
| Boots of Speed | 1 | |
| Healing Salve | 1 | |
| Potion of Healing | 1 | |
| Scroll of Town Portal | 4 | |
16 total
team 2 (loser)

»
wereallfans (
green | 117 APM | 5946 actions | 50:58)
7 Death Knight
3 Death Coil
3 Unholy Aura
1 Death Pact
6 Lich
3 Frost Nova
2 Dark Ritual
1 Death and Decay
6 Dark Ranger
2 Black Arrow
3 Silence
1 Charm
» actions
| Assign group hotkey | 162 | |
| Basic commands | 562 | |
| Build / train | 111 | |
| ESC pressed | 6 | |
| Enter build submenu | 42 | |
| Enter hero's abilities submenu | 19 | |
| Give item / drop item | 1 | |
| Right click | 1876 | |
| Select / deselect | 991 | |
| Select group hotkey | 1947 | |
| Use ability | 229 | |
5946 total
» units
| Acolyte | 13 | |
| Ghoul | 8 | |
| Crypt Fiend | 12 | |
| Frost Wyrm | 5 | |
| Obsidian Statue | 3 | |
| Gargoyle | 11 | |
52 total
» upgrades
| Creature Attack | 3 | |
| Creature Carapace | 3 | |
| Web | 1 | |
| Freezing Breath | 1 | |
| Destroyer Form | 1 | |
| Stone Form | 1 | |
10 total
» buildings
| Crypt | 4 | |
| Graveyard | 1 | |
| Altar of Darkness | 1 | |
| Ziggurat | 8 | |
| Tomb of Relics | 3 | |
| Necropolis | 1 | |
| Halls of the Dead | 4 | |
| Spirit Tower | 2 | |
| Black Citadel | 2 | |
| Sacrificial Pit | 1 | |
| Slaughterhouse | 1 | |
| Boneyard | 3 | |
31 total
» build order
00:08 Crypt
00:09 Graveyard
00:46 Altar of Darkness
01:03 Ziggurat
01:30 Tomb of Relics
02:07 Ziggurat
04:08 Ziggurat
04:55 Necropolis
05:50 Halls of the Dead
05:51 Halls of the Dead
05:51 Halls of the Dead
06:25 Ziggurat
06:27 Spirit Tower
07:22 Spirit Tower
07:42 Ziggurat
07:46 Tomb of Relics
07:47 Tomb of Relics
08:13 Black Citadel
08:16 Sacrificial Pit
08:38 Slaughterhouse
09:26 Ziggurat
10:37 Boneyard
10:37 Boneyard
10:39 Boneyard
12:00 Ziggurat
12:26 Crypt
12:27 Crypt
14:22 Ziggurat
23:40 Crypt
» items
| Rod of Necromancy | 2 | |
| Sacrificial Skull | 1 | |
| Scroll of Town Portal | 7 | |
| Orb of Corruption | 1 | |
| Potion of Healing | 1 | |
| Potion of Lesser Invulnerability | 1 | |
13 total
2_Damn_Pro_ (
red | 56 APM | 2836 actions | 50:56)
6 Death Knight
2 Death Coil
3 Unholy Aura
1 Animate Dead
4 Lich
2 Frost Nova
2 Frost Armor
3 Dreadlord
2 Carrion Swarm
1 Sleep
» actions
| Assign group hotkey | 232 | |
| Basic commands | 65 | |
| Build / train | 138 | |
| Enter build submenu | 68 | |
| Enter hero's abilities submenu | 13 | |
| Give item / drop item | 3 | |
| Right click | 871 | |
| Select / deselect | 656 | |
| Select group hotkey | 575 | |
| Use ability | 215 | |
2836 total
» units
| Acolyte | 33 | |
| Ghoul | 24 | |
| Frost Wyrm | 13 | |
| Gargoyle | 16 | |
86 total
» upgrades
| Web | 1 | |
| Creature Attack | 2 | |
| Creature Carapace | 2 | |
| Freezing Breath | 1 | |
6 total
» buildings
| Crypt | 1 | |
| Ziggurat | 33 | |
| Halls of the Dead | 4 | |
| Altar of Darkness | 1 | |
| Tomb of Relics | 1 | |
| Nerubian Tower | 2 | |
| Graveyard | 1 | |
| Spirit Tower | 3 | |
| Black Citadel | 6 | |
| Sacrificial Pit | 1 | |
| Boneyard | 2 | |
| Necropolis | 3 | |
58 total
» build order
00:09 Crypt
00:14 Ziggurat
02:03 Halls of the Dead
02:03 Halls of the Dead
02:04 Halls of the Dead
02:27 Ziggurat
02:33 Altar of Darkness
02:56 Ziggurat
03:08 Tomb of Relics
04:19 Ziggurat
05:24 Nerubian Tower
06:14 Graveyard
07:49 Spirit Tower
08:10 Black Citadel
08:10 Black Citadel
08:10 Black Citadel
09:04 Ziggurat
09:32 Sacrificial Pit
10:09 Ziggurat
10:10 Ziggurat
10:12 Ziggurat
10:27 Ziggurat
11:01 Boneyard
11:16 Boneyard
14:42 Ziggurat
14:45 Ziggurat
15:04 Ziggurat
15:06 Ziggurat
15:31 Ziggurat
15:32 Ziggurat
18:04 Ziggurat
18:05 Necropolis
18:08 Ziggurat
19:55 Nerubian Tower
19:56 Spirit Tower
19:58 Ziggurat
20:01 Ziggurat
21:09 Spirit Tower
22:30 Ziggurat
22:31 Ziggurat
22:34 Ziggurat
22:36 Ziggurat
22:37 Ziggurat
22:39 Ziggurat
22:42 Ziggurat
22:53 Necropolis
30:10 Ziggurat
30:11 Ziggurat
30:12 Ziggurat
30:14 Ziggurat
38:58 Ziggurat
39:00 Ziggurat
45:09 Ziggurat
46:15 Necropolis
» items
| Rod of Necromancy | 2 | |
| Scroll of Town Portal | 5 | |
| Boots of Speed | 1 | |
| Staff of Teleportation | 1 | |
| Scroll of Healing | 2 | |
| Orb of Corruption | 1 | |
12 total
RoadWarrior (
teal | 44 APM | 2908 actions | 66:12)
7 Archmage
3 Summon Water Elemental
3 Brilliance Aura
1 Mass Teleport
» actions
| Assign group hotkey | 41 | |
| Basic commands | 469 | |
| Build / train | 104 | |
| Enter build submenu | 71 | |
| Enter hero's abilities submenu | 7 | |
| Give item / drop item | 2 | |
| Remove unit from queue | 2 | |
| Right click | 946 | |
| Select / deselect | 633 | |
| Select group hotkey | 414 | |
| Use ability | 219 | |
2908 total
» units
| Peasant | 21 | |
| Footman | 4 | |
| Gryphon Rider | 17 | |
| Dragonhawk Rider | 3 | |
45 total
» upgrades
| Lumber Harvesting | 2 | |
| Masonry | 3 | |
| Storm Hammers | 1 | |
| Swords | 3 | |
| Armor | 3 | |
| Animal War Training | 1 | |
| Cloud | 1 | |
14 total
» buildings
| Altar of Kings | 1 | |
| Barracks | 1 | |
| Farm | 12 | |
| Scout Tower | 58 | |
| Arcane Tower | 1 | |
| Arcane Vault | 3 | |
| Lumber Mill | 1 | |
| Keep | 1 | |
| Town Hall | 1 | |
| Guard Tower | 10 | |
| Castle | 1 | |
| Gryphon Aviary | 6 | |
| Blacksmith | 2 | |
98 total
» build order
00:52 Altar of Kings
00:55 Barracks
00:59 Farm
01:01 Farm
01:06 Farm
01:50 Farm
01:59 Scout Tower
02:39 Arcane Tower
03:19 Arcane Vault
03:21 Arcane Vault
04:22 Lumber Mill
04:23 Keep
05:11 Town Hall
05:14 Scout Tower
05:15 Scout Tower
05:16 Scout Tower
05:17 Scout Tower
06:25 Guard Tower
06:27 Arcane Vault
06:31 Scout Tower
06:33 Scout Tower
06:36 Scout Tower
06:39 Scout Tower
08:14 Castle
09:43 Guard Tower
10:02 Gryphon Aviary
10:03 Gryphon Aviary
10:04 Gryphon Aviary
10:05 Gryphon Aviary
10:26 Farm
10:32 Blacksmith
10:34 Blacksmith
14:39 Scout Tower
14:40 Scout Tower
14:41 Scout Tower
14:42 Scout Tower
14:43 Scout Tower
14:45 Scout Tower
14:51 Scout Tower
14:51 Scout Tower
14:52 Scout Tower
14:56 Scout Tower
15:23 Guard Tower
17:47 Guard Tower
18:35 Scout Tower
18:36 Scout Tower
18:37 Scout Tower
18:38 Scout Tower
18:39 Scout Tower
18:40 Scout Tower
18:46 Scout Tower
18:46 Scout Tower
18:47 Scout Tower
18:48 Scout Tower
18:50 Scout Tower
18:51 Scout Tower
18:52 Scout Tower
18:53 Scout Tower
18:55 Scout Tower
18:55 Scout Tower
18:58 Scout Tower
18:58 Scout Tower
18:59 Scout Tower
19:00 Scout Tower
19:07 Scout Tower
19:07 Scout Tower
19:09 Scout Tower
19:09 Scout Tower
19:11 Scout Tower
19:11 Scout Tower
19:13 Scout Tower
19:21 Scout Tower
19:21 Scout Tower
19:22 Scout Tower
19:22 Scout Tower
19:23 Scout Tower
19:24 Scout Tower
19:30 Scout Tower
19:30 Scout Tower
19:30 Scout Tower
19:31 Scout Tower
19:33 Scout Tower
19:42 Guard Tower
19:49 Guard Tower
19:52 Farm
19:52 Farm
19:53 Farm
19:56 Farm
19:58 Farm
19:59 Farm
20:01 Farm
20:27 Guard Tower
21:22 Guard Tower
22:08 Guard Tower
22:23 Guard Tower
25:07 Gryphon Aviary
25:09 Gryphon Aviary
» items
| Scroll of Regeneration | 7 | |
| Boots of Speed | 1 | |
| Potion of Invisibility | 1 | |
| Orb of Corruption | 1 | |
| Scroll of Town Portal | 7 | |
| Staff of Teleportation | 1 | |
| Potion of Healing | 1 | |
| Mechanical Critter | 2 | |
| Potion of Mana | 1 | |
22 total
site187g (
yellow | 52 APM | 3416 actions | 66:12)
7 Archmage
2 Summon Water Elemental
3 Brilliance Aura
1 Blizzard
1 Mass Teleport
5 Mountain King
3 Storm Bolt
1 Thunder Clap
1 Bash
» actions
| Assign group hotkey | 44 | |
| Basic commands | 249 | |
| Build / train | 112 | |
| Enter build submenu | 58 | |
| Enter hero's abilities submenu | 12 | |
| Remove unit from queue | 3 | |
| Right click | 933 | |
| Select / deselect | 757 | |
| Select group hotkey | 1086 | |
| Use ability | 162 | |
3416 total
» units
| Peasant | 19 | |
| Footman | 11 | |
| Knight | 3 | |
| Dragonhawk Rider | 7 | |
| Gryphon Rider | 12 | |
52 total
» upgrades
| Masonry | 3 | |
| Swords | 3 | |
| Lumber Harvesting | 2 | |
| Plating | 2 | |
| Animal War Training | 1 | |
| Cloud | 1 | |
| Armor | 3 | |
| Storm Hammers | 1 | |
16 total
» buildings
| Altar of Kings | 1 | |
| Farm | 12 | |
| Barracks | 2 | |
| Lumber Mill | 2 | |
| Scout Tower | 23 | |
| Town Hall | 5 | |
| Arcane Tower | 6 | |
| Keep | 1 | |
| Blacksmith | 1 | |
| Guard Tower | 12 | |
| Castle | 1 | |
| Arcane Vault | 2 | |
| Gryphon Aviary | 2 | |
70 total
» build order
00:36 Altar of Kings
00:51 Farm
01:11 Barracks
01:18 Farm
01:53 Farm
02:01 Farm
02:38 Lumber Mill
03:02 Farm
04:13 Scout Tower
04:18 Town Hall
04:21 Scout Tower
04:54 Arcane Tower
05:13 Keep
05:41 Blacksmith
06:03 Scout Tower
06:16 Scout Tower
06:55 Guard Tower
07:05 Barracks
07:23 Scout Tower
07:28 Arcane Tower
07:55 Arcane Tower
07:56 Scout Tower
08:37 Castle
09:19 Arcane Vault
09:29 Arcane Tower
09:31 Scout Tower
10:13 Arcane Tower
10:15 Arcane Vault
12:21 Scout Tower
12:43 Farm
12:48 Farm
13:18 Farm
13:20 Farm
13:38 Scout Tower
13:39 Guard Tower
13:48 Farm
14:25 Gryphon Aviary
14:28 Gryphon Aviary
15:44 Arcane Tower
15:58 Lumber Mill
16:07 Scout Tower
16:42 Guard Tower
16:45 Scout Tower
17:18 Guard Tower
17:26 Scout Tower
17:39 Farm
17:56 Scout Tower
17:57 Guard Tower
18:30 Farm
18:34 Scout Tower
18:36 Guard Tower
20:30 Scout Tower
20:30 Guard Tower
20:58 Scout Tower
20:59 Guard Tower
22:11 Scout Tower
22:13 Guard Tower
22:41 Scout Tower
22:43 Guard Tower
23:30 Scout Tower
23:32 Guard Tower
27:12 Town Hall
30:07 Scout Tower
30:09 Scout Tower
30:10 Scout Tower
30:11 Scout Tower
31:58 Town Hall
32:23 Guard Tower
36:15 Town Hall
49:41 Town Hall
» items
| Dust of Appearance | 2 | |
| Boots of Speed | 1 | |
| Scroll of Regeneration | 1 | |
| Potion of Lesser Invulnerability | 1 | |
| Potion of Healing | 1 | |
6 total
Chat log
(00:05 / All) ELLEN-DYKE-NAME: knock it off cunt
(00:08 / All) TOWERS: we need to pause
(00:09 / All) TOWERS: hang on
(00:10 / All) TOWERS: sorry guys just a minute
(00:12 / All) TOWERS: wtf
(00:16 / All) TOWERS: blue is so bad mannered
(00:18 / All) ELLEN-DYKE-NAME: spike lee said the kkk originated in indiana
(00:22 / Allies) TOWERS: blue wtf
(00:24 / All) RoadWarrior: spike lee is an idioot
(00:28 / All) SiLeNt_AsSaSin: turn you hacks on b4 the game
(00:31 / All) wereallfans: blue thats the last time i hold your dick while were at the urinal
(00:57 / All) ELLEN-DYKE-NAME: wonder who maphacks this game they are in every 4v4 game
(01:03 / All) SiLeNt_AsSaSin: im gonna hold my dick at your funeral
(01:27 / All) 2_Damn_Pro_: CHARGE!!!!!!!!
(01:39 / All) ELLEN-DYKE-NAME: that was sort of random
(02:07 / All) TOWERS: that acolyte did 45 points of damage on an altar
(05:10 / Allies) ELLEN-DYKE-NAME: wtb heal healer
(05:17 / Allies) SiLeNt_AsSaSin: wood?
(05:18 / Allies) TOWERS: sec
(06:28 / Allies) ELLEN-DYKE-NAME: lets hit expos
(06:29 / Allies) ELLEN-DYKE-NAME: top
(07:17 / Allies) TOWERS: blue has a ring of regen on an am
(07:18 / Allies) TOWERS: lol
(07:26 / Allies) TOWERS: could give it to a paladin or bm
(07:37 / Allies) SiLeNt_AsSaSin: i could drink my own urine
(07:46 / Allies) TOWERS: you're an idiot retard noob
(08:38 / Allies) SiLeNt_AsSaSin: b
(08:41 / Allies) SiLeNt_AsSaSin: purp
(08:45 / Allies) SiLeNt_AsSaSin: to towers
(09:06 / Allies) ELLEN-DYKE-NAME: wood
(12:59 / Allies) TOWERS: let's hit
(13:07 / Allies) TOWERS: pink wtf
(14:20 / Allies) ELLEN-DYKE-NAME: lets hit top meet
(14:32 / Allies) SiLeNt_AsSaSin: come oj
(14:44 / Allies) SiLeNt_AsSaSin: tp
(15:21 / All) TOWERS: focusing paladin
(15:23 / All) TOWERS: with invul pot
(15:24 / All) TOWERS: and divine shield
(15:26 / All) TOWERS: good move lol
(15:38 / All) site187g: it would had worked if this fuckign dick dint run
(15:46 / Allies) TOWERS: fuck
(15:49 / Allies) TOWERS: he killed all my mortars
(16:10 / Allies) SiLeNt_AsSaSin: oj come help my expo plz
(16:26 / All) RoadWarrior: great time
(16:28 / All) RoadWarrior: To get hero bug
(16:42 / Allies) klNGcRuMM: we gotta hit
(16:43 / Allies) TOWERS: wood me if you can
(16:49 / Allies) klNGcRuMM: teal is mher
(16:50 / Allies) TOWERS: I had a lot of mortars ready but they were all killed by red
(16:51 / Allies) klNGcRuMM: bigtime
(16:54 / Allies) TOWERS: I was gonna invisimort a couple basesw
(17:17 / Allies) klNGcRuMM: mher teal
(18:01 / Allies) TOWERS: fucking faggot pink
(18:08 / Allies) TOWERS: and then orange pussing out
(18:09 / Allies) TOWERS: sigh
(19:03 / Allies) SiLeNt_AsSaSin: gold me if you can
(20:19 / Allies) TOWERS: nice
(20:35 / Allies) TOWERS: I'm gonna try to hall red
(20:40 / Allies) TOWERS: and get some tanks
(21:04 / All) SiLeNt_AsSaSin: gg i cant fix rere
(21:11 / All) site187g: gg
(24:09 / All) site187g: gtfo plz
(24:13 / All) TOWERS: you gtfo
(24:14 / All) TOWERS: you lose
(24:16 / All) TOWERS: out faggot
(24:19 / All) TOWERS: your team has a tker
(24:20 / All) TOWERS: you lose
(24:21 / All) TOWERS: out
(25:29 / All) site187g: and your maphacking
(25:32 / All) site187g: and still sucked
(25:34 / All) TOWERS: what makes you say that
(25:45 / All) TOWERS: I'm winning btw
(25:51 / All) TOWERS: you lose, you are the one who sucks
(25:53 / All) TOWERS: can't kill 1 tker
(25:54 / All) TOWERS: LOL
(27:19 / All) TOWERS: eat my shit
(27:20 / All) TOWERS: faggot
(28:02 / All) RoadWarrior: whoospie daisy
(29:32 / All) RoadWarrior: HOOSP
(29:36 / All) RoadWarrior: WHOOPS
(29:41 / All) RoadWarrior: didn't reaqlize no tp
(32:01 / All) TOWERS: eat my shit faggots
(32:02 / All) TOWERS: gtfo
(34:18 / All) RoadWarrior: lucky faggot
(34:20 / All) RoadWarrior: s
(35:07 / All) RoadWarrior: Jake fucked us
(35:15 / All) 2_Damn_Pro_: teal so mad :-)
(35:29 / All) RoadWarrior: I had to face 2 ud with 100 food gargs
(35:33 / All) 2_Damn_Pro_: u mad?>/
(41:54 / All) RoadWarrior: i never notice the color yellow in my base
(44:13 / All) RoadWarrior: this is game
(44:46 / All) RoadWarrior: all 3 of my allies had me countered
(45:36 / All) RoadWarrior: if I had second expo maybe but jake gave us no time
(49:33 / All) TOWERS: gtfo
(49:36 / All) TOWERS: you lost
(49:37 / All) TOWERS: out
(49:45 / All) wereallfans: ea
(49:47 / All) wereallfans: purp with his mh
(49:59 / All) TOWERS: and
(49:59 / All) TOWERS: you
(50:01 / All) TOWERS: not with your heroes
(50:02 / All) TOWERS: or win
(50:34 / All) wereallfans: literally
(50:36 / All) wereallfans: the gayest faggot
(50:37 / All) wereallfans: ive ever seen
(50:41 / All) RoadWarrior: mad?
(50:44 / All) wereallfans: this is what it takes
(50:44 / All) RoadWarrior: mad fam?
(50:45 / All) wereallfans: to win
(50:48 / All) wereallfans: a bunch of 0-0 retards
(50:49 / All) wereallfans: with nothing to lose
(50:51 / All) 2_Damn_Pro_: im laughing... to think teal is so upset over wood :-0
(51:02 / All) TOWERS: SWEET
(51:28 / All) TOWERS: oh 1 peasant survived too
(51:32 / All) TOWERS: too bad no way to make anything with it
(52:09 / All) TOWERS: I wish there was some way for me to get gold
(52:31 / All) RoadWarrior: we pulled this off
(52:42 / All) TOWERS: would've been easy if not for faggot jake
(53:02 / All) RoadWarrior: I didn't think we had it
(53:06 / All) TOWERS: me neither
(53:07 / All) RoadWarrior: because all my allies had me countered
(53:14 / All) RoadWarrior: two of them gargs on me
(53:19 / All) RoadWarrior: yellow had what I had and more
(53:23 / All) RoadWarrior: and more gold
(53:32 / All) RoadWarrior: really close and goood game
(53:35 / All) TOWERS: if you use a tiny hall on an allied hero I take it that it gives you allied base?
(53:43 / All) RoadWarrior: not that fun tho because I thought I was going up against a wall
(53:48 / All) RoadWarrior: yeah
(53:50 / All) TOWERS: I had a tiny hall but was on my paladin
(53:51 / All) TOWERS: god dammit
(53:55 / All) RoadWarrior: but yo ucan still use it to expo yourt ally
(53:58 / All) RoadWarrior: and get units on ally
(54:00 / All) TOWERS: fucking silence was a pain in the ass
(54:11 / All) TOWERS: You can't buy items for leaver heroes which is retarded
(54:21 / All) TOWERS: uses your gold rather than theirs
(54:48 / All) RoadWarrior: it was also rough attacking my allies in your base
(54:53 / All) RoadWarrior: since your units hit mine with theirs
(55:02 / All) TOWERS: yeah I'd right click just their units but the splash doesn't care
(55:11 / All) RoadWarrior: I tried to separate from them
(55:13 / All) RoadWarrior: but still attack them
(55:29 / All) RoadWarrior: that rabbit I had in the middle was a big help
(56:19 / All) RoadWarrior: Yellow fucking sucks LOL
(56:22 / All) RoadWarrior: no way they should have lost really
(56:25 / All) RoadWarrior: he had mass tp and mroe griffs
(56:28 / All) RoadWarrior: plus an mk
(56:37 / All) RoadWarrior: he should have been hounding me all game
(56:45 / All) RoadWarrior: mass tping where I mass tped
(56:49 / All) TOWERS: 38-43 now yellow
(56:54 / All) RoadWarrior: rending me totally ineffective as I lost units
(56:58 / All) TOWERS: green is 132-114 now
(57:14 / All) TOWERS: red 2-1
(57:17 / All) RoadWarrior: Basically if I was yellow and myself, yellow would have beat teal
(57:29 / All) RoadWarrior: my team for sure lose
(57:45 / All) RoadWarrior: I didn't know you had all that
(57:49 / All) RoadWarrior: I thought you were out of gold
(58:00 / All) RoadWarrior: so when you showed up to my expo it was like manna from heaven
(58:05 / All) TOWERS: I'm completely out of gold but jake had a ton lawl
(58:13 / All) TOWERS: I wish I could give jake gold to me so that I could get my hero back
(58:16 / All) RoadWarrior: Should have switched over to jake
(58:22 / All) TOWERS: yeah
(58:25 / All) TOWERS: I thought it was over anyway
(58:28 / All) TOWERS: so I wasn't trying very hard
(58:37 / All) RoadWarrior: I was doing a good job of denying their expos
(58:44 / All) RoadWarrior: but yellow had one all game
(59:04 / All) TOWERS: this was one of our closest games in a while
(59:06 / All) RoadWarrior: If you could have hit and run their expos with yoru morts instead of reds base
(59:10 / All) RoadWarrior: might have been more useful
(59:15 / All) RoadWarrior: Yeah very close
(59:18 / All) TOWERS: I almost got his hall too
(59:20 / All) RoadWarrior: because I thought we lost it for the last 20 minutes or more
(59:20 / All) TOWERS: but just fucking missed it
(59:24 / All) TOWERS: and lost every single mort, twice
(59:36 / All) TOWERS: first at my base he got lucky, then I lost them all since I didn't realise all the magic damage tping
(59:39 / All) RoadWarrior: I only kept going because I didn't want to just abandon you
(59:44 / All) RoadWarrior: since I figured you were still trying
(59:49 / All) TOWERS: I wasn'
(59:52 / All) TOWERS: t sure if we lost or not
(59:54 / All) RoadWarrior: otherwise I would ahve alt qqed as lost cause
(59:59 / All) TOWERS: and thought we might be able to manage it because of jake's shit
(60:04 / All) RoadWarrior: yellow being a retard is biggest difference
(60:27 / All) RoadWarrior: If jake had stayed to control his own stuff it would have been less close I think
(60:37 / All) RoadWarrior: plus he could have helped you expo
(60:41 / All) TOWERS: it's annoying to control 2 players
(60:44 / All) RoadWarrior: Yeah
(60:51 / All) TOWERS: If the mechanics worked better it'd be easy
(60:52 / All) RoadWarrior: Plus I did a lot of damage to orange and blue
(60:54 / All) TOWERS: like with buying items
(60:55 / All) RoadWarrior: blue especiallly
(61:06 / All) TOWERS: I couldn't buy jake's bm anything
(61:08 / All) RoadWarrior: before jake dropped
(61:10 / All) TOWERS: so if it got low hp it was fucked
(61:22 / All) RoadWarrior: Good game and surprising outcome lol
(61:24 / All) TOWERS: if I could use his gold to buy items it'd have invul potions and shit
(61:29 / All) RoadWarrior: Good war of attrition with my allies
(61:36 / All) TOWERS: my heroes always risked dying because of fucking silence
(61:43 / All) TOWERS: even lost like a lvl 9 paladin because of silence
(61:50 / All) RoadWarrior: Yellow wasted his time on my base
(61:54 / All) RoadWarrior: I didn't notice him there
(61:55 / All) RoadWarrior: but
(62:00 / All) RoadWarrior: I had no gold to buy griffs anyway
(62:08 / All) RoadWarrior: I had 371 and then had to buy another tp
(62:10 / All) TOWERS: Also another annoying thing is when allies leave and you want just something like a hero in your army
(62:21 / All) TOWERS: you can't tp away, need to buy 2 if you can
(62:26 / All) RoadWarrior: they should have coded it so that
(62:28 / All) RoadWarrior: if all allies leave
(62:30 / All) TOWERS: Leavers should count as your own units
(62:32 / All) TOWERS: for purposes of tp scrolls
(62:33 / All) RoadWarrior: you can put them in your own army
(62:42 / All) TOWERS: yeah and all resources merge
(62:46 / All) RoadWarrior: That would have been way useful
(62:48 / All) TOWERS: if every ally leaves
(62:57 / All) TOWERS: My allies left with thousands of wood too
(63:01 / All) TOWERS: that would've been very useful on jake
(63:04 / All) TOWERS: 1.5k and 4.6k
(63:08 / All) TOWERS: on blue and orange
(63:17 / All) RoadWarrior: I'm glad I went human this game
(63:23 / All) RoadWarrior: for mass tp
(63:27 / All) TOWERS: I should've went am but I thought it'd be an easy game
(63:31 / All) TOWERS: so I went paladin for a change
(63:41 / All) TOWERS: bad idea, since jake lagged out
(63:47 / All) RoadWarrior: if you went am it would have been a lot less close
(63:55 / All) TOWERS: yeah I would've had mass tp tanks
(63:58 / All) RoadWarrior: you could ahve been harassing hteir expos with me
(64:01 / All) RoadWarrior: and splitting their shit
(64:06 / All) TOWERS: though I wouldn't have had lvl 6 until late anyway I think
(64:15 / All) TOWERS: like they nearly killed my base a couple times and I had level 4/5 paladin
(64:24 / All) RoadWarrior: I tried to con red out of 1k lumber
(64:32 / All) RoadWarrior: but he wanted me to send gold first
(64:34 / All) RoadWarrior: in trade
(64:47 / All) RoadWarrior: I was gonna get him to give the lumber then not send gold, but green gave me 1.1k wood anyway LOL
(64:53 / All) TOWERS: pro lawl
(64:55 / All) RoadWarrior: that wood helped lots
(65:05 / All) RoadWarrior: I was able to upgrade all my towers
(65:08 / All) TOWERS: damn you are right down to 21 gold
(65:11 / All) TOWERS: and I only have 148 gold
(65:13 / All) RoadWarrior: which scared them from attacking me
(65:14 / All) TOWERS: not often we see that in our games
(65:23 / All) RoadWarrior: I only had 1 expo
(65:31 / All) TOWERS: I didn't even have an expo for most of the game lol
(65:33 / All) RoadWarrior: and had to start tking early
(65:39 / All) TOWERS: since it died and I had zero chance of rebuilding vs mass wyrms and shit
(65:44 / All) TOWERS: and I had a slow army, tanks without mass tp
(65:51 / All) RoadWarrior: I had to tip my hand way early, and at a bad time
(65:59 / All) RoadWarrior: when my allies were all like 100/100 food and had me countered
(66:03 / All) TOWERS: good work end it?
(66:07 / All) RoadWarrior: yeah